 Dungeon Crawl Stone Soup version 0.30-a0-622-gddc90eaa04 (webtiles) character file.

Game seed: 3666560234049432426

186 Leeroy the Ruffian (level 5, -2/41 HPs)
             Began as a Draconian Transmuter on Jan 10, 2023.
             Killed by divine providence
             ... invoked by an orc priest
              (10 damage)
             ... on level 3 of the Dungeon.
             The game lasted 00:03:16 (2073 turns).

Leeroy the Ruffian (Draconian Transmuter)           Turns: 2073, Time: 00:03:17

Health: -2/41      AC:  8    Str: 15    XL:     5   Next: 38%
Magic:  7/8        EV: 12    Int: 13    God:
Gold:   52         SH:  0    Dex: 11    Spells: 7/8 levels left

rFire   . . .      SeeInvis .      - Unarmed
rCold   . . .      Faith    .    (no shield)
rNeg    . . .      Spirit   .    (body armour unavailable)
rPois   .          Reflect  .    (helmet currently unavailable)
rElec   .          Harm     .    (no cloak)
rCorr   .          Rampage  .    o - +2 pair of gloves
Will    .....                    (boots currently unavailable)
Stlth   +                        (no amulet)
HPRegen 0.26/turn                (no ring)
MPRegen 0.11/turn                (no ring)

@: appendages (expiring)
A: horns 2, talons 2, AC +5, unfitting armour, cold-blooded
a: End Transformation


You were on level 3 of the Dungeon.
You had temporarily grown beastly horns and talons.
You visited 1 branch of the dungeon, and saw 3 of its levels.

You collected 52 gold pieces.

Inventory:

Armour
 o - a +2 pair of gloves (worn)
Scrolls
 c - 2 scrolls of identify {unknown}
 g - a scroll of brand weapon {unknown}
 i - 2 scrolls of enchant armour {unknown}
 j - a scroll of blinking {unknown}
Potions
 a - a potion of lignification
 b - 4 potions of curing {unknown}
 d - a potion of brilliance {unknown}
 e - a potion of degeneration {unknown}
 f - a potion of cancellation {unknown}
 h - a potion of haste {unknown}
 k - a potion of mutation {unknown}
 l - a potion of attraction {unknown}
 m - a potion of invisibility {unknown}
 n - a potion of flight {unknown}


   Skills:
 * Level 2.2 Fighting
 - Level 1.7 Dodging
 + Level 5.8 Unarmed Combat
 - Level 2.0 Spellcasting
 - Level 2.0 Transmutations


You had 7 spell levels left.
You knew the following spells:

 Your Spells              Type           Power      Damage    Failure   Level
a - Beastly Appendage     Tmut           12%        N/A       11%         1

Your spell library contained the following spells:

 Spells                   Type           Power      Damage    Failure   Level
 Wereblood                Tmut           6%         N/A       17%         2
 Passwall                 Tmut/Erth      2%         N/A       26%         2
 Ensorcelled Hibernation  Hex/Ice        2%         N/A       36%         2
 Spider Form              Tmut/Pois      3%         N/A       45%         3
 Swiftness                Air            1%         N/A       58%         3
 Ice Form                 Ice/Tmut       3%         N/A       86%         4


Dungeon Overview and Level Annotations

Branches:
Dungeon (3/15)

Altars:


Innate Abilities, Weirdness & Mutations

You have temporarily grown beastly horns and talons.
Your plain brown scales are hard. (AC +5)
You cannot fit into any form of body armour.
You are cold-blooded and may be slowed by cold attacks.


Message History

Your horns disappear.
Your talons disappear.
You hit the orc priest but do no damage.
You tail-slap the orc priest, but do no damage.
The orc priest is almost dead.
The orc priest misses you.
You grow a pair of large bovine horns.
Your feet morph into talons.
The orc priest casts a cantrip, but nothing happens.
The orc priest calls upon Beogh to heal the orc priest.
The orc priest is healed somewhat.
You barely miss the orc priest. Your headbutt misses the orc priest.
The orc priest is heavily wounded.
The orc priest barely misses you.
The orc priest calls down the wrath of Beogh upon you.
Beogh smites you!
* * * LOW HITPOINT WARNING * * *
You hit the orc priest.
You punch the orc priest, but do no damage.
The orc priest is almost dead.
The orc priest hits you but does no damage.
You closely miss the orc priest.
You claw the orc priest, but do no damage.
You tail-slap the orc priest, but do no damage.
The orc priest is almost dead.
The orc priest closely misses you.
The orc priest looks braver for a moment.
You punch the orc priest!
You kill the orc priest!
You closely miss the orc.
Your transformation is almost over.
The orc hits you but does no damage.
You closely miss the orc. The orc hits you with a +0 short sword.
* * * LOW HITPOINT WARNING * * *
You hit the orc but do no damage. You claw the orc.
Your headbutt misses the orc.
The orc is heavily wounded.
The orc hits you with a +0 short sword.
* * * LOW HITPOINT WARNING * * *
The orc priest mumbles some strange prayers to Beogh against you.
Beogh smites you!
You die...

. #........# #...#...# ..
#........# .......#+ ...
#........# #........ ....
#........# #........
.....#........# #.)......
..............#####.)......
.........###...........###+
.........###...........##..
.........)@oo..........''.>
.##'#.######...........##..
.....######.......#...##†.
...o...............#...###'
..o................#.......
..##..............#.......
#..............#.......
#.).......######.......
#.......### #.........


You could see an orc priest and an orc.

Vanquished Creatures
  2 orc priests (D:3)
  Jessica (D:2)
  Natasha (twice) (D:3)
  2 worms
  A dart slug (D:1)
  An orc (D:3)
  2 endoplasms
  7 hobgoblins
  4 jackals (D:1)
  3 kobolds
  4 quokkas
  5 ball pythons
  5 bats
  2 goblins (D:2)
  6 rats
47 creatures vanquished.

Notes
Turn   | Place    | Note
-------+----------+-------------------------------------------
     0 | D:1      | Leeroy the Draconian Transmuter began the quest for the
                  | Orb.
     0 | D:1      | Reached XP level 1. HP: 16/16 MP: 3/3
   192 | D:1      | Reached XP level 2. HP: 22/23 MP: 5/5
   392 | D:1      | Reached skill level 4 in Unarmed Combat
   685 | D:1      | Found a faded altar of an unknown god.
   796 | D:2      | Reached XP level 3. HP: 26/28 MP: 6/6
   938 | D:2      | Noticed Jessica
   944 | D:2      | Killed Jessica
  1480 | D:3      | Noticed Natasha
  1491 | D:3      | Killed Natasha
  1492 | D:3      | Reached skill level 5 in Unarmed Combat
  1492 | D:3      | Reached XP level 4. HP: 21/36 MP: 3/7
  1617 | D:3      | Noticed Natasha
  1633 | D:3      | Killed Natasha
  2060 | D:3      | Reached XP level 5. HP: 33/41 MP: 8/8
  2073 | D:3      | Killed from afar by an orc priest

Illustrated notes

Levels and vault maps discovered:
D:1:      lightli_iron_boxes, layout_basic,
          shapermc_ecumenical_altar_mp_vishouse
D:2:      layout_loops_ring, kennysheep_cross_bottleneck, st_stairs_12,
          kennysheep_cluttered_room, uniq_jessica
D:3:      layout_basic, grunt_temple_overflow_open, grunt_decor_resistance,
          uniq_natasha

Skill      XL: |  1  2  3  4 |
---------------+-------------+-----
Unarmed Combat | 4 5 |  5.8
Fighting       | 2 |  2.2
Dodging        | |  1.7
Spellcasting   | |  2.0
Transmutations | |  2.0

Action                   |  1- 3 |  4- 6 || total
-------------------------+-------+-------++-------
Melee: Unarmed           |   129 |    52 ||   181
       Tailslap          |    13 |     4 ||    17
       Punch             |     2 |     3 ||     5
       Kick              |     3 |     6 ||     9
       Headbutt          |     2 |     5 ||     7
 Cast: Beastly Appendage |     2 |     3 ||     5
 Stab: Sleeping          |     1 |     2 ||     3
Armor: Skin              |    30 |    15 ||    45
Dodge: Dodged            |    61 |    17 ||    78

Table legend: (Time is in decaauts)
 A = Elapsed time spent in this place.
 B = Non-inter-level travel time spent in this place.
 C = Inter-level travel time spent in this place.
 D = Time resting spent in this place.
 E = Time spent auto-exploring this place.
 F = Levels seen in this place.
 G = Mean time per level.
                   A        B        C        D        E       F      G
               +--------+--------+--------+--------+--------+-----+--------+
         Total |   2077 |   1953 |    124 |      1 |   1588 |   3 |  692.3 |
       Dungeon |   2077 |   1953 |    124 |      1 |   1588 |   3 |  692.3 |
               +--------+--------+--------+--------+--------+-----+--------+

Top non-repeatable levels by time:
     D:2: 763 daAuts
     D:1: 706 daAuts
     D:3: 608 daAuts
